 Dungeon Crawl Stone Soup version 0.19.0-18-g426998a (webtiles) character file.

2529 HungrySpirit the Chopper (level 9, -9/65 HPs)
             Began as a Mummy Artificer on Nov 11, 2016.
             Was an Initiate of Gozag.
             Incinerated by a mottled dragon (12 damage)
             ... with a sticky flame
             ... on level 7 of the Dungeon.
             The game lasted 00:14:55 (9672 turns).

HungrySpirit the Chopper (Mummy Artificer)          Turns: 9672, Time: 00:14:56

Health: -9/65      AC: 11    Str: 16    XL:     9   Next: 29%
Magic:  22/22      EV:  9    Int: 10    God:    Gozag
Gold:   555        SH:  0    Dex: 12    Spells: 0 memorised, 8 levels left

rFire  x . .     SeeInvis .     p - +0 broad axe
rCold  + . .     Gourm    .     s - +3 scale mail {rN+}
rNeg   + + +     Faith    .     (no shield)
rPois  ∞         Spirit   .     w - +0 helmet
rElec  +         Reflect  .     v - +0 cloak
rCorr  +         Harm     .     (no gloves)
MR     ++...                    (no boots)
Stlth  ..........               (no amulet)
                                x - ring "Wiumelle" {rCorr rElec rPois MR+ Str-3}
                                h - ring of magical power

@: liquid flames, gold aura, glowing
A: no food or potions, fire vulnerability, cold resistance 1, negative energy
resistance 3, torment resistance, unbreathing
a: Potion Petition, Call Merchant, Bribe Branch, Renounce Religion


You were on level 7 of the Dungeon.
You worshipped Gozag.
Gozag was pleased with you.
You were not hungry.

You visited 2 branches of the dungeon, and saw 9 of its levels.

You collected 710 gold pieces.
You spent 90 gold pieces at shops.
You paid 65 gold pieces to Gozag.

Inventory:

Hand Weapons
 a - a +0 short sword
 p - a +0 broad axe (weapon)
Armour
 s - a +3 scale mail of positive energy (worn)
 v - a +0 cloak (worn)
 w - a +0 helmet (worn)
Jewellery
 h - a ring of magical power (left hand)
 t - an uncursed ring of flight
 x - the ring "Wiumelle" (right hand) {rCorr rElec rPois MR+ Str-3}
   (You found it on level 5 of the Dungeon)

   [ring of resist corrosion]

   It affects your strength (-3).
   It insulates you from electricity.
   It protects you from poison.
   It affects your resistance to hostile enchantments.
Wands
 b - a wand of paralysis (12/24)
 c - a wand of flame (0/48)
 d - a wand of enslavement (12/24)
 e - a wand of random effects (15/48)
 j - a wand of confusion (4/48)
 y - a wand of random effects (39/48)
 A - a wand of paralysis (6/24)
Scrolls
 i - a scroll of fog
 k - 2 scrolls of noise {unknown}
 l - 2 scrolls of recharging {unknown}
 m - 2 scrolls of random uselessness {unknown}
 n - a scroll of fear {unknown}
 o - 2 scrolls of enchant armour {unknown}
 q - a scroll of amnesia {unknown}
 r - 3 scrolls of enchant weapon
 u - 3 scrolls of teleportation {unknown}
 z - a scroll of magic mapping {unknown}


   Skills:
 - Level 4.1 Fighting
 - Level 0.7 Short Blades
 * Level 7.8 Axes
 - Level 1.5 Dodging
 - Level 0.7 Stealth
 + Level 6.6 Evocations


You had 8 spell levels left.
You didn't know any spells.

Dungeon Overview and Level Annotations

Branches:
Dungeon (8/15)             Temple (1/1) D:5
   Lair: D:8-11

Altars:
Ashenzari
Cheibriados
Dithmenos
Gozag
Hepliaklqana
Makhleb
Nemelex Xobeh
Okawaru
Qazlal
Sif Muna
Xom
Yredelemnul
Zin
The Shining One

Shops:
D:4 *


Innate Abilities, Weirdness & Mutations

You do not eat or drink.
Your flesh is vulnerable to fire.
You are immune to poison.
Your flesh is cold resistant. (rC+)
You are immune to negative energy. (rN+++)
You are immune to unholy pain and torment.
You can survive without breathing.


Message History

The mottled dragon bites you but does no damage.
The mottled dragon claws you but does no damage.
You closely miss the mottled dragon.
The mottled dragon is heavily wounded.
You are covered in liquid flames!
* * * LOW HITPOINT WARNING * * *
The mottled dragon bites you!
* * * LOW HITPOINT WARNING * * *
The mottled dragon claws you but does no damage.
The mottled dragon bites you but does no damage.
The mottled dragon claws you but does no damage.
Evoke which item? (* to show all) (? for menu, Esc to quit)
Zapping:
b - a wand of paralysis (13/24)
Press: ? - help, Shift-Dir - straight line, f - mottled dragon
Aim: a mottled dragon (heavily wounded, chance to defeat MR: 60%)
The mottled dragon resists with significant effort.
This wand has 12 charges left.
You are covered in liquid flames!
You die...
Your body crumbles into a pile of gold.

.......#
##....#..###.........
.......#
#...##.###[[........
.......#
######.##...[.......
.....### #.##............
..#### ##.#............#
###
######...............#
##.<.##.##.............
##....##.##.............
##.....D@###.............
### ##.......$#
##........>..#
..######.........#
#...........#
.................##
#####....####
#######...........#
##...# #...........#
##...# #...........#
#....# #...........#
##....#
#...........######.....#


You could see a mottled dragon.

Vanquished Creatures
  A hornet (D:7)
  3 orc warriors (D:7)
  An ice beast (D:6)
  2 necrophages
  A phantom (D:7)
  4 bullfrogs
  3 scorpions
  2 howler monkeys
  3 crimson imps
  A bullfrog zombie (D:7)
  A quasit (D:6)
  3 hounds (D:7)
  A jelly (D:7)
  Crazy Yiuf (D:4)
  A bullfrog skeleton (D:4)
  4 orc priests
  7 orc wizards
  5 iguanas
  8 worker ants
  A hound zombie (D:8)
  A worker ant zombie (D:6)
  8 adders
  2 gnolls (D:4)
  A howler monkey skeleton (D:6)
  A shadow imp (D:8)
  An ooze (D:3)
  An adder skeleton (D:4)
  5 worms
  4 dart slugs
  4 leopard geckos
  25 orcs
  3 ball pythons
  9 bats
  4 giant cockroaches
  11 hobgoblins
  A jackal (D:8)
  7 kobolds
  2 quokkas
  2 frilled lizards
  A goblin (D:1)
  7 rats
153 creatures vanquished.

Vanquished Creatures (collateral kills)
  A gnoll (D:4)
1 creature vanquished.

Vanquished Creatures (others)
  A gnoll (D:4)
1 creature vanquished.

Grand Total: 155 creatures vanquished

Notes
Turn   | Place    | Note
-------+----------+-------------------------------------------
     0 | D:1      | HungrySpirit the Mummy Artificer began the quest for the Orb.
     0 | D:1      | Reached XP level 1. HP: 15/15 MP: 2/2
    92 | D:1      | Reached XP level 2. HP: 18/22 MP: 3/3
  1083 | D:2      | Reached XP level 3. HP: 20/28 MP: 5/5
  1956 | D:2      | Reached XP level 4. HP: 34/35 MP: 6/6
  3426 | D:4      | Reached XP level 5. HP: 42/42 MP: 7/7
  3439 | D:3      | Reached skill level 1 in Axes
  3684 | D:4      | Found Eyrimm's Eclectic Emporium.
  3706 | D:4      | Bought a scroll of enchant weapon for 90 gold pieces
  3891 | D:4      | HP: 2/42 [orc priest/divine providence (12)]
  3957 | D:4      | Reached XP level 6. HP: 13/48 MP: 8/8
  4576 | D:4      | Reached skill level 2 in Axes
  4676 | D:4      | HP: 2/48 [orc priest/flail (2)]
  5294 | D:4      | Found a runed door.
  5342 | D:4      | Identified the Papyrus of Fiery Earth
  5466 | D:4      | Noticed Crazy Yiuf
  5486 | D:4      | Killed Crazy Yiuf
  5486 | D:4      | Reached skill level 3 in Axes
  5908 | D:4      | Reached XP level 7. HP: 33/54 MP: 10/10
  6025 | D:5      | Entered Level 5 of the Dungeon
  6025 | D:5      | Found a staircase to the Ecumenical Temple.
  6028 | Temple   | Entered the Ecumenical Temple
  6036 | Temple   | Became a worshipper of Gozag Ym Sagoz the Greedy
  6404 | D:5      | Reached skill level 4 in Axes
  6652 | D:5      | Got a glittering granite ring
  6654 | D:5      | Identified the ring "Wiumelle" {rCorr rElec rPois MR+ Str-3} (You found it on level 5 of the Dungeon)
  7095 | D:6      | Reached skill level 5 in Evocations
  7258 | D:6      | Reached skill level 5 in Axes
  7258 | D:6      | Reached XP level 8. HP: 31/60 MP: 11/11
  7799 | D:6      | Reached skill level 6 in Axes
  8427 | D:7      | Noticed a hornet
  8434 | D:7      | Killed a hornet
  8459 | D:7      | Reached skill level 7 in Axes
  8494 | D:7      | Reached XP level 9. HP: 60/65 MP: 13/13
  9671 | D:7      | HP: 3/65 [mottled dragon (11)]
  9672 | D:7      | Incinerated by a mottled dragon

Skill      XL: |  1  2  3  4  5  6  7  8 |
---------------+-------------------------+-----
Fighting       | 2 3 4 |  4.1
Evocations     | 3 4 5 6 |  6.6
Axes           | 1 3 5 7 |  7.8
Short Blades   | |  0.7
Dodging        | |  1.5
Stealth        | |  0.7

Action                   |  1- 3 |  4- 6 |  7- 9 || total
-------------------------+-------+-------+-------++-------
Melee: Short sword       |   193 |   326 |   155 ||   674
       Broad axe         |       |       |   278 ||   278
Evoke: Wand              |       |    30 |    11 ||    41
  Use: Scroll            |       |     1 |     4 ||     5
 Stab: Sleeping          |     1 |     2 |       ||     3
       Confused          |       |     5 |     3 ||     8
       Paralysed         |       |       |    20 ||    20
Armor: Leather armour    |    83 |    47 |       ||   130
       Scale mail        |       |    28 |   257 ||   285
Dodge: Dodged            |   133 |   180 |   224 ||   537
